 Dungeon Crawl Stone Soup version 0.30-a0-743-gbfdf073 (webtiles) character file.

Game seed: 1858792903965691140

5 PurpleRed the Conjurer (level 1, -1/12 HPs)
             Began as a Deep Elf Reaver on Feb 8, 2023.
             Slain by an endoplasm (2 damage)
             ... on level 1 of the Dungeon.
             The game lasted 00:01:23 (263 turns).

PurpleRed the Conjurer (Deep Elf Reaver)             Turns: 263, Time: 00:01:24

Health: -1/12      AC:  3    Str:  9    XL:     1   Next: 66%
Magic:  6/6        EV: 12    Int: 17    God:
Gold:   8          SH:  0    Dex: 13    Spells: 5/6 levels left

rFire   . . .      SeeInvis .    a - +0 short sword
rCold   . . .      Faith    .    (no shield)
rNeg    . . .      Spirit   .    b - +0 leather armour
rPois   .          Reflect  .    (no helmet)
rElec   .          Harm     .    (no cloak)
rCorr   .          Rampage  .    (no gloves)
Will    .....                    (no boots)
Stlth   +                        (no amulet)
HPRegen 0.22/turn                (no ring)
MPRegen 0.10/turn                (no ring)

@: no status effects
A: no striking features
a: no special abilities


You were on level 1 of the Dungeon.
You visited 1 branch of the dungeon, and saw 1 of its levels.

You collected 8 gold pieces.

Inventory:

Hand Weapons
 a - a +0 short sword (weapon)
Armour
 b - a +0 leather armour (worn)
Scrolls
 c - a scroll of magic mapping {unknown}
 d - 3 scrolls of fog {unknown}
 g - a scroll of amnesia {unknown}
Potions
 e - a potion of lignification {unknown}
 f - a potion of resistance {unknown}


   Skills:
 - Level 1.5 Fighting
 - Level 3.0 Short Blades
 - Level 2.4 Dodging
 + Level 3.2 Spellcasting
 + Level 3.4 Conjurations
 + Level 0.6 Translocations


You had 5 spell levels left.
You knew the following spells:

 Your Spells              Type           Power      Damage    Failure   Level
a - Kiss of Death         Conj/Necr      32%        2d7       12%         1

Your spell library contained the following spells:

 Spells                   Type           Power      Damage    Failure   Level
 Momentum Strike          Conj/Tloc      18%        3d8       16%         2
 Hailstorm                Conj/Ice       8%         3d4       34%         3


Dungeon Overview and Level Annotations

Branches:
Dungeon (1/15)

Altars:


Message History

The giant cockroach is heavily wounded.
The giant cockroach barely misses you.
You hit the giant cockroach.
You kill the giant cockroach!
You see here a +0 dagger.
Found a stone staircase leading down.
There is a stone staircase leading down here.
Found a leather armour.
A ball python and an endoplasm come into view.
Found a stone staircase leading down.
Found 7 stones.
The ball python hisses angrily.
The endoplasm quivers.
You see here a +0 leather armour.
You hit the ball python but do no damage.
The ball python bites you but does no damage.
The ball python closely misses you.
You closely miss the ball python. The ball python misses you.
The ball python grabs you. The ball python constricts you.
You hit the ball python.
You kill the ball python!
You hit the endoplasm.
The endoplasm is lightly wounded.
The endoplasm freezes you.
You are frozen.
You hit the endoplasm.
The endoplasm is severely wounded.
The endoplasm hits you.
You barely miss the endoplasm.
The endoplasm is severely wounded.
The endoplasm freezes you.
You are frozen.
You barely miss the endoplasm. Your punch misses the endoplasm.
The endoplasm is severely wounded.
The endoplasm hits you.
* * * LOW HITPOINT WARNING * * *
You hit the endoplasm but do no damage.
The endoplasm is severely wounded.
The endoplasm hits you.
You die...

#.##...###.#
....>.....##
#.........(
###........#
.........# ########
#.....# ...... P
#...# # #.
PP###..#######.# #
#.# ~P#.....J@.....#
#
#PPP##.###..#########
#~~P##.####.#
###~P~...#....# ..#
PP~#####.###..# #.#
~PP# #.###..######
#.# P~~#
###.#..[...>..# #.#
##.# #...#.#.#####.#
#.# ##.###.....#.#
#.# #.#


You could see an endoplasm.

Vanquished Creatures
  2 ball pythons (D:1)
  An endoplasm (D:1)
  A giant cockroach (D:1)
  A frilled lizard (D:1)
5 creatures vanquished.

Notes
Turn   | Place    | Note
-------+----------+-------------------------------------------
     0 | D:1      | PurpleRed the Deep Elf Reaver began the quest for the Orb.
     0 | D:1      | Reached XP level 1. HP: 12/12 MP: 6/6
   263 | D:1      | Slain by an endoplasm

Illustrated notes

Levels and vault maps discovered:
D:1:      psy_arrival_conway, layout_loops_ring,
          hellmonk_ecumenical_altar_heavens_door, hex_medium

Action                     || total
---------------------------++-------
  Melee: Short sword       ||    28
 Armour: Leather armour    ||     5
  Dodge: Dodged            ||    12

Table legend: (Time is in decaauts)
 A = Elapsed time spent in this place.
 B = Non-inter-level travel time spent in this place.
 C = Inter-level travel time spent in this place.
 D = Time resting spent in this place.
 E = Time spent auto-exploring this place.
 F = Levels seen in this place.
 G = Mean time per level.
                   A        B        C        D        E       F      G
               +--------+--------+--------+--------+--------+-----+--------+
         Total |    261 |    261 |      0 |      0 |      0 |   1 |  261.0 |
       Dungeon |    261 |    261 |      0 |      0 |      0 |   1 |  261.0 |
               +--------+--------+--------+--------+--------+-----+--------+

Top non-repeatable levels by time:
     D:1: 261 daAuts
